Map: Ascension to Aiur LE

Players

Winthrowe

  • Race: Terran Terran
  • League: Silver
  • Spawn Location: 5:00

A.I. 1 (Very Hard) - Winner!

  • Race: Terran Terran
  • Spawn Location: 11:00

VOD

Have the link to the VOD?

Description

Time

  • Played on: Aug. 20, 2017, 6:21 p.m.
  • Length: 5:22
Show
View Real Time Build Order
Export as new Build Order

Winthrowe Terran 

Build Orders:  

Get SALT Encoding   

  12  0:01  SCV  
  13  0:13  SCV  
  14  0:20  Supply Depot  
  14  0:28  SCV  
  15  0:42  Refinery  
  15  0:45  Barracks  
  15  0:46  SCV  
  16  0:58  SCV  
  17  1:11  SCV  
  18  1:23  SCV  
  19  1:35  SCV  
  19  1:39  Supply Depot  
  20  1:42  Marine  
  21  1:47  SCV  
  21  1:51  Refinery  
  22  1:59  SCV  
  22  2:01  Marine  
  24  2:02  Supply Depot  
  24  2:11  SCV  
  25  2:18  Marine  
  26  2:24  Supply Depot  
  26  2:25  Orbital Command  
  26  2:43  Barracks Reactor  
  26  2:49  Barracks  
  26  2:53  Barracks  
  26  3:09  Engineering Bay  
  26  3:25  Marine x2  
  28  3:35  Engineering Bay  
  28  3:37  Barracks Tech Lab  
  28  3:41  Barracks Tech Lab  
  28  3:42  Marine  
  28  3:43  Marine  
  30  4:00  Marine x2  
  32  4:06  Marauder x2  
  35  4:18  Marine x2  
  29  4:27  Marine x2  
  26  4:39  Marine x2  
  26  4:45  Marine  
Show
View Real Time Build Order
Export as new Build Order

A.I. 1 (Very Hard) Terran - Winner!

Build Orders: MMM Bio 

Get SALT Encoding   

  12  0:00  SCV  
  13  0:13  SCV  
  14  0:19  Supply Depot  
  14  0:25  SCV  
  15  0:40  SCV  
  15  0:42  Barracks  
  16  0:46  Refinery  
  16  0:52  SCV  
  17  1:03  Barracks  
  17  1:04  SCV  
  18  1:16  SCV  
  19  1:29  Marine  
  19  1:32  Orbital Command  
  20  1:41  Barracks  
  20  1:47  Marine  
  20  1:49  Marine  
  22  1:56  Supply Depot  
  22  1:58  SCV  
  23  2:05  Barracks Tech Lab  
  23  2:08  Barracks Tech Lab  
  23  2:18  SCV  
  24  2:23  Marine  
  24  2:24  Stimpack  
  24  2:26  Marine  
  24  2:27  Marine, Concussive Shells  
  27  2:35  Supply Depot  
  27  2:41  Marine  
  27  2:44  Marine, SCV  
  29  2:45  Marine  
  31  2:59  Marauder  
  31  3:02  Marauder  
  31  3:03  Marine  
  36  3:06  Supply Depot  
  36  3:18  Combat Shields  
  36  3:19  SCV  
  37  3:20  Marine  
  37  3:21  Marine  
  37  3:26  Supply Depot  
  39  3:27  Marine  
  40  3:38  Marauder  
  40  3:39  Marine  
  43  3:45  Refinery  
  43  3:46  Marauder  
  47  4:03  Marauder  
  47  4:07  SCV, Marauder  
  47  4:08  Supply Depot  
  50  4:19  SCV  
  50  4:24  Marauder  
  49  4:31  Command Center  
  49  4:34  SCV  
  49  4:36  Marine  
  51  4:40  Marine  
  54  4:45  Marauder  
  53  4:54  Marine  
  53  4:58  Barracks Reactor, Factory  
  57  5:14  Supply Depot  
Tags
 
Composition
MMM Bio
League
Silver
Matchup
TvT
Race
Terran
Spawn Locations
Cross Positions
Add a new tag
Caveats
  • Supply blocks, unpowered buildings, or Contaminate may cause inaccurate times.
  • Supply counts are checked every 10 seconds.